 Dungeon Crawl Stone Soup version 0.22-a0-565-gfc6459a (webtiles) character file.

60 Amnesiac the Ducker (level 3, 0/19 HPs)
             Began as a Spriggan Fighter on June 28, 2018.
             Slain by a worker ant (7 damage)
             ... on level 4 of the Dungeon.
             The game lasted 00:02:18 (1154 turns).

Amnesiac the Ducker (Spriggan Fighter)              Turns: 1154, Time: 00:02:18

Health: 0/19       AC:  2    Str: 13    XL:     3   Next: 82%
Magic:  4/4        EV: 19    Int:  9    God:
Gold:   108        SH:  6    Dex: 15    Spells: 2/2 levels left

rFire    . . .     SeeInvis +   a - +0 rapier
rCold    . . .     Gourm    .   c - +0 buckler
rNeg     . . .     Faith    .   b - +0 robe
rPois    .         Spirit   .   (helmet restricted)
rElec    .         Reflect  .   (no cloak)
rCorr    .         Harm     .   (gloves unavailable)
MR       .....                  (boots unavailable)
Stlth    ++........             (no amulet)
HPRegen  0.06/turn              (no ring)
MPRegen  0.09/turn              (no ring)

@: very quick
A: very small, unfitting armour, see invisible, herbivore, speed 3, slow
metabolism 2
a: no special abilities


You were on level 4 of the Dungeon.
You were not hungry.

You visited 1 branch of the dungeon, and saw 4 of its levels.

You collected 108 gold pieces.

Inventory:

Hand Weapons
 a - a +0 rapier (weapon)
Armour
 b - a +0 robe (worn)
 c - a +0 buckler (worn)
Wands
 g - a wand of acid (2)
Scrolls
 e - a scroll of blinking {!r, unknown}
 h - a scroll of remove curse {!r, unknown}
Potions
 d - a potion of might {!q}
Comestibles
 f - 6 rations


   Skills:
 - Level 2.4 Fighting
 * Level 3.4 Short Blades
 - Level 4.4 Dodging
 + Level 3.3 Stealth
 + Level 2.5 Shields


You had 2 spell levels left.
You didn't know any spells.
Your spell library was empty.

Dungeon Overview and Level Annotations

Branches:
Dungeon (4/15)
 Temple: D:4-7

Altars:

Annotations:
D:3 3 runed doors, inc's ghost, amateur GnCK


Innate Abilities, Weirdness & Mutations

You are very small and have problems with some larger weapons.
You are too small for most types of armour.
You have supernaturally acute eyesight. (SInv)
You are a herbivore.
You cover ground extremely quickly.
You need to consume almost no food.


Message History

You swing at nothing.
There is a stone staircase leading down here.
Things that are here:
a club; a hobgoblin corpse; an orc corpse You start resting.
You start resting.
HP restored.
There is a stone staircase leading down here.
Things that are here:
a club; a hobgoblin corpse; an orc corpse You start resting.
HP restored.
You climb downwards.
There is a stone staircase leading up here.
You see here 11 gold pieces.
You now have 108 gold pieces (gained 11).
The iguana closely misses you. The iguana closely misses you.
Found 10 gold pieces.
The worker ant twitches its antennae in your direction.
The worker ant barely misses you.
You closely miss the worker ant. You block the worker ant's attack.
You hit the worker ant.
The worker ant is heavily wounded.
The worker ant closely misses you. The worker ant barely misses you.
The iguana barely misses you.
You hit the worker ant.
The worker ant is severely wounded.
The worker ant misses you. The iguana misses you.
You hit the worker ant.
The worker ant is almost dead.
You block the worker ant's attack. The iguana misses you.
You hit the worker ant but do no damage.
The worker ant is almost dead.
The worker ant misses you. The iguana barely misses you.
You barely miss the worker ant.
The worker ant is almost dead.
The worker ant misses you. The iguana closely misses you.
The worker ant barely misses you.
You hit the worker ant but do no damage.
The worker ant is severely wounded.
The iguana bites you!
Ouch! That really hurt!
* * * LOW HITPOINT WARNING * * *
The worker ant misses you.
Evoke which item? (* to show all) (? for menu, Esc to quit)
Aiming: Corrosive Bolt
Press: ? - help, Shift-Dir - straight line, f - iguana
Aim: an iguana The bolt of acid hits the iguana.
The iguana is splashed with acid.
The acid corrodes the iguana!
The iguana is severely wounded.
The worker ant completely misses you. The iguana completely misses you.
You hit the iguana but do no damage.
The iguana is severely wounded.
The worker ant closely misses you. The iguana completely misses you.
You barely miss the iguana.
The iguana is severely wounded.
The worker ant closely misses you. The iguana barely misses you.
The worker ant misses you.
You hit the iguana but do no damage.
The iguana is severely wounded.
The iguana misses you. The worker ant bites you!
You die...

#........#####
##...........#
#######.###.#
#######.# .#
....l...###.##
#######.##...##
##.#.....##
########.........##
#...a@l....<......#
#..#####.........##
# ##.#.....##
#.##...## #.###.##
#.# ## #.# #.# .$.


You could see an iguana and a worker ant.

Vanquished Creatures
  A worker ant (D:4)
  2 adders
  2 leopard geckos
  An orc (D:3)
  2 giant cockroaches (D:1)
  A goblin (D:3)
  2 hobgoblins
  2 jackals (D:1)
  A quokka (D:2)
  A frilled lizard (D:3)
  A rat (D:1)
16 creatures vanquished.

Notes
Turn   | Place    | Note
-------+----------+-------------------------------------------
     0 | D:1      | Amnesiac the Spriggan Fighter began the quest for the Orb.
     0 | D:1      | Reached XP level 1. HP: 11/11 MP: 2/2
    24 | D:1      | Reached skill level 1 in Stealth
    85 | D:1      | Reached XP level 2. HP: 7/16 MP: 3/3
   605 | D:3      | Found a runed gate.
   605 | D:3      | Found a runed gate.
   605 | D:3      | Found a runed gate.
   607 | D:3      | Noticed inc's ghost (amateur GnCK)
   904 | D:4      | Reached XP level 3. HP: 12/19 MP: 4/4
  1154 | D:4      | Slain by a worker ant

Vault maps used:
D:1:      dpeg_arrival_prison, minmay_pentomino_z2
D:2:      chequers_ecumenical_altar_simple, okawaru_metal_pillars_1_2
D:3:      ebering_ghost_rock_garden
D:4:      corexii_corridor_pit

Skill      XL: |  1  2 |
---------------+-------+-----
Stealth        | 2 3 |  3.3
Short Blades   | 3 |  3.4
Fighting       | |  2.4
Dodging        | |  4.4
Shields        | |  2.5

Action                   || total
-------------------------++-------
Melee: Rapier            ||    64
Evoke: Wand              ||     4
 Stab: Sleeping          ||     3
Armor: Robe              ||     3
Dodge: Dodged            ||    71
Block: Buckler           ||    16

Table legend:
 A = Spawn XP
 B = Non-spawn XP
 C = Spawn XP percentage of total XP
 D = Spawn monster count
 E = Non-spawn monster count
 F = Spawn count percentage of total count
 G = Total turns spent on level
                    A         B        C        D         E        F      G
               +---------+---------+-------+---------+---------+-------+---------
         Total |       0 |      87 |   0.0 |       0 |      16 |   0.0 |  1154
               +---------+---------+-------+---------+---------+-------+---------
           D:1 |       0 |      12 |   0.0 |       0 |       6 |   0.0 |   293
           D:2 |       0 |      17 |   0.0 |       0 |       3 |   0.0 |   257
           D:3 |       0 |      11 |   0.0 |       0 |       5 |   0.0 |   515
           D:4 |       0 |      47 |   0.0 |       0 |       2 |   0.0 |    89
               +---------+---------+-------+---------+---------+-------+---------
